 Dungeon Crawl Stone Soup version 0.21.0-3-g78d12a8 (webtiles) character file.

28395 Ignatius881 the Severer (level 13, -3/119 HPs)
             Began as a Minotaur Berserker on Jan 14, 2018.
             Was a High Priest of Trog.
             Shot with an arrow by Nessos (4 damage)
             ... on level 5 of the Lair of Beasts on Jan 15, 2018.
             The game lasted 00:48:10 (18978 turns).

Ignatius881 the Severer (Minotaur Berserker)       Turns: 18978, Time: 00:48:10

Health: -3/119     AC: 20    Str: 26      XL:     13   Next: 9%
Magic:  12/12      EV: 15    Int:  4      God:    Trog [*****.]
Gold:   561        SH:  4    Dex: 19 (20) Spells: 12/12 levels left

rFire    . . .     SeeInvis .   U - +2 battleaxe (freeze)
rCold    . . .     Gourm    .   (shield currently unavailable)
rNeg     . . .     Faith    .   a - +0 plate armour {rPois}
rPois    +         Spirit   .   (helmet restricted)
rElec    +         Reflect  +   I - +2 cloak
rCorr    .         Harm     .   j - +0 pair of gloves
MR       ++...                  (no boots)
Stlth    ..........             N - amulet of the Monkey {Reflect rElec SH+4}
HPRegen  1.29/turn              R - +3 ring of strength
MPRegen  0.13/turn              H - +6 ring of dexterity

@: lethally poisoned (-3 -> -4), berserk cooldown, regenerating, slowed, very
slow
A: retaliatory headbutt, horns 2, deterioration 1
a: Berserk, Trog's Hand, Brothers in Arms, Burn Spellbooks, Renounce Religion


You were on level 5 of the Lair of Beasts.
You worshipped Trog.
Trog was extremely pleased with you.
You were not hungry.

You visited 3 branches of the dungeon, and saw 17 of its levels.
You also visited: Sewer.

You collected 1341 gold pieces.
You spent 780 gold pieces at shops.

Inventory:

Hand Weapons
 b - a +4 antimagic broad axe
   (Trog gifted it to you on level 2 of the Lair of Beasts)
 y - a +4 flail of holy wrath
   (You took it off Edmund on level 6 of the Dungeon)
 M - a +3 flail of freezing
   (You took it off a wight on level 7 of the Dungeon)
 U - a +2 battleaxe of freezing (weapon)
   (Trog gifted it to you on level 10 of the Dungeon)
Armour
 a - a +0 plate armour of poison resistance (worn)
   (You bought it in a shop on level 7 of the Dungeon)
 j - a +0 pair of gloves (worn)
   (You found it on level 5 of the Lair of Beasts)
 G - a +0 large shield
   (You found it on level 6 of the Dungeon)
 I - a +2 cloak (worn)
   (You took it off Maurice on level 8 of the Dungeon)
Jewellery
 l - an uncursed ring of fire
   (You found it on level 3 of the Dungeon)
 H - a +6 ring of dexterity (right hand)
   (You found it on level 4 of the Lair of Beasts)
 N - the amulet of the Monkey (around neck) {Reflect rElec SH+4}
   (You took it off a centaur on level 7 of the Dungeon)

   [amulet of reflection]

   It shields you and reflects attacks.
   It insulates you from electricity.
   It affects your SH (+4).
 R - a +3 ring of strength (left hand)
   (You found it on level 8 of the Dungeon)
 S - an uncursed amulet of guardian spirit
   (You found it on level 8 of the Dungeon)
Wands
 d - a wand of iceblast (33)
   (You found it on level 4 of the Dungeon)
 t - a wand of scattershot (7)
   (You found it on level 3 of the Lair of Beasts)
 u - a wand of paralysis (17)
   (You found it on level 3 of the Lair of Beasts)
 v - a wand of digging (9)
   (You took it off an orc wizard on level 11 of the Dungeon)
 w - a wand of enslavement (18)
   (You found it on level 6 of the Dungeon)
 x - a wand of acid (43)
   (You found it on level 5 of the Dungeon)
 Y - a wand of polymorph (10)
   (You took it off an orc warrior on level 11 of the Dungeon)
Scrolls
 c - 2 scrolls of fear {unknown}
 g - a scroll of amnesia {unknown}
 m - 2 scrolls of fog {unknown}
 o - 4 scrolls of blinking {unknown}
 r - 8 scrolls of remove curse {@r2}
 s - a scroll of silence {unknown}
 z - 6 scrolls of teleportation {unknown}
 A - a scroll of immolation {unknown}
 C - 6 scrolls of enchant weapon {unknown}
 J - 2 scrolls of random uselessness {unknown}
 O - 2 scrolls of acquirement {unknown}
 V - a scroll of noise {unknown}
 W - a scroll of magic mapping {unknown}
 Z - 2 scrolls of enchant armour {unknown}
Potions
 f - a potion of agility
 h - 8 potions of curing {@q1}
 i - 5 potions of haste {@q3}
 k - 4 potions of might {unknown}
 n - 3 potions of resistance {unknown}
 q - 4 potions of cancellation {unknown}
 B - 2 potions of degeneration {unknown}
 D - a potion of ambrosia {unknown}
 E - 2 potions of lignification {unknown}
 K - 3 potions of mutation {unknown}
 L - a potion of heal wounds {unknown}
 P - 2 potions of brilliance {unknown}
 Q - 2 potions of flight {unknown}
 T - a potion of magic {unknown}
Comestibles
 e - 32 rations


   Skills:
 + Level 12.3 Fighting
 * Level 16.3 Axes
 + Level 12.1 Armour
 + Level 11.1 Dodging


You had 12 spell levels left.
You didn't know any spells.

Dungeon Overview and Level Annotations

Branches:
Dungeon (11/15)            Temple (1/1) D:5            Lair (5/6) D:11
 Shoals (0/4) Lair:3        Snake (0/4) Lair:2          Orc (0/2) D:11
  Slime: Lair:5-6

Altars:
Ashenzari
Cheibriados
Dithmenos
Elyvilon
Fedhas
Gozag
Hepliaklqana
Kikubaaqudgha
Makhleb
Nemelex Xobeh
Okawaru
Qazlal
Ru
Sif Muna
Trog
Uskayaw
Vehumet
Wu Jian
Xom
Yredelemnul
Zin
The Shining One
Beogh

Shops:
D:4 !   D:7 *   D:11 ((*

Annotations:
Lair:2 exclusion: ice statue
Lair:5 Nessos


Innate Abilities, Weirdness & Mutations

You reflexively headbutt those who attack you in melee.
You have a pair of horns on your head.
Your body sometimes deteriorates upon taking damage.


Message History

an arrow; a yak corpse Nessos blinks!
Nessos stands on his hind legs for a moment.
Nessos shoots an arrow.
The arrow barely misses you.
You feel your anger nearly subside.
Nessos shoots an arrow.
The arrow hits you! The arrow burns you!
You see here an arrow.
You are no longer berserk.
You are exhausted.
You feel yourself slow down.
Nessos blinks!
Nessos intently looks at you, slowly moving his tail.
Nessos shoots an arrow.
The arrow hits you. The arrow burns you.
Nessos shoots an arrow.
The arrow hits you! The arrow burns you.
Nessos intently looks at you, slowly moving his tail.
Nessos shoots an arrow.
The arrow hits you!
* * * LOW HITPOINT WARNING * * *
The arrow burns you.
* * * LOW HITPOINT WARNING * * *
You see here 3 arrows.
Nessos shoots an arrow.
The arrow hits you.
* * * LOW HITPOINT WARNING * * *
The arrow burns you.
You are poisoned.
* * * LOW HITPOINT WARNING * * *
Nessos blinks!
You see here an arrow.
You feel sick.
Nessos shoots an arrow.
The arrow hits you!!
* * * LOW HITPOINT WARNING * * *
Your body deteriorates!
You feel clumsy. The arrow burns you!
* * * LOW HITPOINT WARNING * * *
Nessos shoots an arrow.
The arrow hits you.
* * * LOW HITPOINT WARNING * * *
The arrow burns you.
You are more poisoned.
* * * LOW HITPOINT WARNING * * *
You see here 2 arrows.
You feel sick.
Nessos blinks!
Nessos shoots an arrow.
The arrow hits you!
* * * LOW HITPOINT WARNING * * *
The arrow burns you.
* * * LOW HITPOINT WARNING * * *
Nessos shoots an arrow.
The arrow closely misses you.
You see here 2 arrows.
* * * LOW HITPOINT WARNING * * *
You feel sick.
Nessos stands on his hind legs for a moment.
Nessos blinks!
Nessos shoots an arrow.
The arrow hits you but does no damage.
Nessos shoots an arrow.
The arrow hits you.
You die...

## ## ##.#####.# ######
#...PP....# #.##.# ##.........#
### #.#... #P.........#
####P###.....
#.....>...####.....###.... ###
#.........#....c.§......#. .P###
##.......@(((((........#..
..#.####........(..$..........#..
............<..(..............#..
##..##..'.....(†............###..
#P######.......P.§<.........##.P
### #....##...P...........#P..
#.#########.P#..(.....###P. ##
#.####.....##.#### ## PP..#..###
#


You could see Nessos.

Vanquished Creatures
  2 hydras (Lair:5)
  A centaur warrior (D:9)
  The ghost of loralnil the Thaumaturge, a journeyman DEFE of Vehumet (D:11)
  2 two-headed ogres (D:10)
  An unseen horror (D:11)
  2 cyclopes
  A manticore (Lair:3)
  2 black mambas
  A torpor snail (Lair:3)
  Maurice (D:8)
  A gargoyle (D:9)
  6 spiny frogs
  4 kobold demonologists (D:11)
  A rime drake (Lair:4)
  The ghost of Suckerboh the Magician, a novice DEFE of Vehumet (D:5)
  2 trolls
  A queen bee (Lair:5)
  3 meliai (Lair:5)
  2 hornets (D:10)
  3 polar bears (Lair:2)
  A hornet (shapeshifter) (D:9)
  The ghost of Qrupt the Grave Robber, an amateur HuNe (D:3)
  4 dream sheep (Lair:3)
  10 hippogriffs
  15 yaks
  2 basilisks (Lair:2)
  2 hungry ghosts
  Edmund (D:6)
  3 nagas (Lair:2)
  4 water moccasins
  5 porcupines
  Purgy (Sewer)
  An eye of draining (D:11)
  4 sky beasts
  10 ice beasts
  8 orc warriors
  2 black bears
  7 centaurs
  6 wolves (Lair:2)
  4 crocodiles
  2 ogres
  3 big kobolds
  13 bullfrogs
  A wyvern skeleton (D:6)
  5 scorpions
  27 killer bees
  4 wights (D:7)
  2 electric eels
  5 howler monkeys
  5 crimson imps
  2 bullfrog zombies
  5 orc priests
  A bullfrog skeleton (D:8)
  5 jellies
  A gnoll shaman (D:4)
  6 hounds
  4 iguanas
  12 worker ants
  Ijyb (D:3)
  17 orc wizards
  A hound skeleton (D:4)
  A worker ant zombie (D:10)
  8 gnolls (D:3)
  10 adders
  2 shadow imps
  An ooze (D:6)
  An adder skeleton (D:5)
  5 worms
  3 dart slugs
  5 leopard geckos
  65 orcs
  8 bats
  A bat skeleton (D:2)
  5 giant cockroaches
  7 goblins
  5 hobgoblins
  13 jackals
  6 quokkas
  9 frilled lizards
  A giant cockroach zombie (D:6)
  17 kobolds
  4 quokka skeletons
  6 rats
  3 fungi (Lair:5)
  4 plants (Lair:2)
441 creatures vanquished.

Vanquished Creatures (others)
  A sky beast (D:9)
  2 fungi
  A plant (Lair:2)
4 creatures vanquished.

Grand Total: 445 creatures vanquished

Notes
Turn   | Place    | Note
-------+----------+-------------------------------------------
     0 | D:1      | Ignatius881 the Minotaur Berserker began the quest for the Orb.
     0 | D:1      | Reached XP level 1. HP: 19/19 MP: 0/0
   337 | D:1      | Reached XP level 2. HP: 24/27 MP: 1/1
   400 | D:1      | Reached skill level 4 in Axes
   945 | D:2      | Reached XP level 3. HP: 33/33 MP: 2/2
  1109 | D:2      | Reached ** piety under Trog
  1448 | D:3      | Found a radiant altar of Vehumet.
  1448 | D:3      | Found a shattered altar of Ashenzari.
  1609 | D:3      | Found a glowing drain.
  1614 | Sewer    | Entered a sewer
  1675 | Sewer    | Noticed Purgy
  1681 | Sewer    | Killed Purgy
  1681 | Sewer    | Reached skill level 5 in Axes
  1681 | Sewer    | Reached XP level 4. HP: 41/41 MP: 3/3
  1681 | Sewer    | Reached XP level 5. HP: 47/47 MP: 4/4
  2126 | D:3      | Found a burning altar of Makhleb.
  2390 | D:3      | Reached *** piety under Trog
  2452 | D:3      | Reached XP level 6. HP: 55/55 MP: 5/5
  2504 | D:3      | Noticed Ijyb
  2512 | D:3      | Killed Ijyb
  2754 | D:3      | Reached skill level 5 in Fighting
  2754 | D:3      | Reached skill level 6 in Axes
  3338 | D:3      | Noticed Qrupt's ghost (amateur HuNe)
  3346 | D:3      | Killed Qrupt's ghost
  3346 | D:3      | Reached XP level 7. HP: 61/61 MP: 6/6
  3414 | D:4      | Reached skill level 7 in Axes
  3436 | D:3      | Reached skill level 5 in Armour
  3576 | D:4      | Found Mecoxt's Distillery.
  3957 | D:5      | Entered Level 5 of the Dungeon
  3976 | D:5      | Found a glowing golden altar of the Shining One.
  4086 | D:5      | Found a staircase to the Ecumenical Temple.
  4467 | Temple   | Entered the Ecumenical Temple
  4762 | D:5      | Noticed Suckerboh's ghost (novice DEFE)
  4770 | D:5      | Killed Suckerboh's ghost
  4770 | D:5      | Reached skill level 8 in Axes
  4770 | D:5      | Reached skill level 5 in Dodging
  4770 | D:5      | Reached XP level 8. HP: 71/71 MP: 7/7
  5162 | D:6      | Reached **** piety under Trog
  5230 | D:6      | Reached skill level 9 in Axes
  5306 | D:6      | Received a gift from Trog
  5355 | D:6      | Noticed Edmund
  5371 | D:6      | Killed Edmund
  5615 | D:6      | Found a bloodstained altar of Trog.
  6542 | D:7      | Found Lobonera's Assorted Antiques.
  6618 | D:7      | Reached XP level 9. HP: 75/79 MP: 8/8
  6846 | D:7      | Reached skill level 10 in Axes
  6986 | D:7      | Received a gift from Trog
  7497 | D:7      | Got a clouded golden amulet
  7938 | D:8      | Found a hide-covered altar of Uskayaw.
  7946 | D:8      | Found a white marble altar of Elyvilon.
  7973 | D:8      | Noticed Maurice
  7982 | D:8      | Killed Maurice
  7982 | D:8      | Reached skill level 11 in Axes
  8221 | D:8      | Reached XP level 10. HP: 81/90 MP: 9/9
  8691 | D:9      | Noticed a gargoyle
  8691 | D:9      | Noticed a cyclops
  8698 | D:9      | Noticed a centaur warrior
  8702 | D:9      | Killed a gargoyle
  8708 | D:9      | Killed a cyclops
  8712 | D:9      | Reached skill level 12 in Axes
  8718 | D:9      | Killed a centaur warrior
  9243 | D:9      | Reached ***** piety under Trog
  9263 | D:9      | Found a roughly hewn altar of Beogh.
  9992 | D:10     | Entered Level 10 of the Dungeon
 10157 | D:10     | Reached XP level 11. HP: 99/99 MP: 10/10
 10383 | D:10     | Received a gift from Trog
 10383 | D:10     | Reached skill level 13 in Axes
 10673 | D:10     | Noticed a two-headed ogre
 10679 | D:10     | Killed a two-headed ogre
 10679 | D:10     | Reached skill level 10 in Fighting
 10796 | D:10     | Found a snail-covered altar of Cheibriados.
 11132 | D:10     | Paralysed by a hornet for 1 turns
 11464 | D:11     | Noticed loralnil's ghost (journeyman DEFE)
 11468 | D:11     | Killed loralnil's ghost
 11468 | D:11     | Reached skill level 10 in Armour
 11585 | D:11     | Noticed a two-headed ogre
 11598 | D:10     | Killed a two-headed ogre
 12126 | D:11     | Noticed a sun demon
 12134 | D:11     | Gained mutation: Your body sometimes deteriorates upon taking damage. [a neqoxec]
 12140 | D:11     | Reached skill level 14 in Axes
 12499 | D:11     | Found Zymar's Antique Weapon Shoppe.
 12745 | D:11     | Killed an unseen horror
 12769 | D:11     | Found a hazy altar of Hepliaklqana.
 13053 | D:11     | Found Jovvodiang's Antique Weapon Shoppe.
 13072 | D:11     | Found a shadowy altar of Dithmenos.
 13089 | D:11     | Found a staircase to the Lair.
 13159 | D:11     | Found Sixackam's Assorted Antiques.
 13226 | D:11     | Found a staircase to the Orcish Mines.
 13713 | D:7      | Bought a glowing plate armour for 780 gold pieces
 13853 | Lair:1   | Entered Level 1 of the Lair of Beasts
 14164 | Lair:1   | Reached XP level 12. HP: 107/110 MP: 11/11
 14629 | Lair:2   | Reached skill level 10 in Dodging
 14889 | Lair:2   | Found a staircase to the Snake Pit.
 15110 | Lair:2   | Reached skill level 15 in Axes
 15120 | Lair:2   | Received a gift from Trog
 15603 | Lair:2   | Found a blossoming altar of Fedhas.
 16147 | Lair:3   | Found a staircase to the Shoals.
 17473 | Lair:4   | Identified the amulet of the Monkey {Reflect rElec SH+4} (You took it off a centaur on level 7 of the Dungeon)
 18157 | Lair:4   | You fall through a shaft!
 18216 | Lair:5   | Noticed a five-headed hydra
 18224 | Lair:5   | Killed a nine-headed hydra
 18269 | Lair:5   | Reached skill level 16 in Axes
 18506 | Lair:5   | Noticed an eight-headed hydra
 18516 | Lair:5   | Killed a ten-headed hydra
 18516 | Lair:5   | Reached XP level 13. HP: 118/118 MP: 12/12
 18590 | Lair:5   | Noticed Nessos
 18977 | Lair:5   | HP: 4/119 [Nessos/arrow (13)]
 18977 | Lair:5   | HP: 1/119 [Nessos/arrow (3)]
 18978 | Lair:5   | Shot with an arrow by Nessos

Skill      XL: |  1  2  3  4  5  6  7  8  9 10 11 12 |
---------------+-------------------------------------+-----
Axes           | 4 5 6 8 9 11 12 14 16 | 16.3
Fighting       | 4 5 6 7 8 9 11 12 | 12.3
Armour         | 3 4 5 6 8 9 10 12 | 12.1
Dodging        | 3 4 5 6 7 8 9 11 | 11.1

Action                   |  1- 3 |  4- 6 |  7- 9 | 10-12 | 13-15 || total
-------------------------+-------+-------+-------+-------+-------++-------
Melee: Hand axe          |    56 |       |       |       |       ||    56
       Headbutt          |     9 |    26 |    78 |   143 |     3 ||   259
       War axe           |    20 |   108 |       |       |       ||   128
       Halberd           |       |    21 |   157 |       |       ||   178
       Flail             |       |       |   172 |   209 |       ||   381
       Battleaxe         |       |       |       |   349 |    15 ||   364
Invok: Berserk           |     1 |     1 |     3 |    11 |     1 ||    17
       Burn Spellbooks   |       |     1 |     1 |     4 |       ||     6
       Trog's Hand       |       |     1 |     3 |     8 |     1 ||    13
  Use: Scroll            |       |     4 |     1 |     7 |       ||    12
  Eat: Chunk             |     2 |     7 |    19 |    25 |       ||    53
       Ration            |       |       |     3 |     7 |     1 ||    11
Armor: Animal skin       |    13 |       |       |       |       ||    13
       Plate armour      |    20 |    98 |   171 |   308 |     3 ||   600
       Scale mail        |       |       |     2 |       |       ||     2
Dodge: Dodged            |    54 |    48 |    86 |   300 |    14 ||   502
Block: Buckler           |       |    26 |       |       |       ||    26
       Large shield      |       |       |   101 |   164 |       ||   265
       Other             |       |       |       |    20 |     3 ||    23
       Reflection        |       |       |       |       |     1 ||     1
